← All builds
Air / Cortex / Economy first / OBSERVED BUILD

Standard air

Cortex Air build order · Supreme Isthmus

Economy-first air build: Aircraft Plant then Advanced Metal Extractor and Fusion Reactor, making transports and scouts for allies while transitioning into fighters and occasional bombers over the whole game.

Usually transports first (78%)

#eco #air #team support · 1513 distinct matches · 252 players · 81% of Cortex Air games · team won 46% of 1818 · Recently observed

HOW TO PLAY IT

Key timing: Aircraft Plant by 1:24

  1. Open 3 mex and wind, then drop Aircraft Plant early.
  2. Finish Aircraft Plant and start fighters for scouting and defense.
  3. Eat the Aircraft Plant once production needs outgrow it.
  4. Get Advanced Metal Extractor up to scale eco.
  5. Bring Fusion Reactor online and keep feeding transports, scouts, fighters to allies.

Phase by phase

TYPICAL OF ITS 1513 GAMES
  1. 1
  2. 2
  3. 3
PLAY THE OPENING

Follow the example game's first 6:00 step by step: what to build now, what comes next, and where it goes. At 1× it keeps pace with your own game.

  1. 1

    Up to the Aircraft Plant

    Economy
    • Metal Extractor3Mex
    • Wind Turbine4Wind
    Order
    1. Aircraft PlantAircraft Plant after 3 mex, 4 winddone ~1:26, middle half 1:14–1:35

    Some games also: energy storage (38%)

    By 1:07 in all: 3 mex · 4 wind

    The example game in this phase · 3 steps
    1. Mex ×3
    2. Wind ×4
    3. Aircraft PlantAircraft Plantdone 1:16 · typical 1:26
  2. 2

    Aircraft Plant to 5:00

    Economy
    • Metal Extractor1Mex
    • Wind Turbine9Wind
    • Wind Turbine3Wind
    Builders
    • Construction Turret2 Con turret
    • Construction Aircraft1 Con aircraft
    Army
    • Valiant5 Valiant
    • Hercules2 Light transport for allies
    • Finch2 Finch for allies
    • Finch1 Finch
    • Hephaestus1 Heavy transport for allies

    Some games also: shuriken (49%) · energy storage (45%) · converter (44%) · light transport (40%)

    By 5:00 in all: 3 mex · 1 mex · 13 wind · 3 wind · 1 energy storage · 2 con turret

    The example game in this phase · 23 steps
    1. Wind
    2. FinchFinch
    3. Wind ×2
    4. FinchFinchfor Geo sea
    5. Wind ×3
    6. FinchFinchfor Beach sea
    7. Wind ×2
    8. HerculesLight transportfor Geo sea
    9. ShurikenShurikenfor Geo sea
    10. ValiantValiant ×3
    11. Wind ×2
    12. ValiantValiant ×3
    13. Wind
    14. ValiantValiant
    15. HephaestusHeavy transportfor Air
    16. Wind ×2
    17. Mex
    18. HerculesLight transportfor Tech
    19. Energy storage
    20. ValiantValiant
    21. Wind ×2
    22. HephaestusHeavy transportfor Beach sea
    23. Con turret
  3. 3

    5:00 to 10:00

    Economy
    • Wind Turbine21Wind
    • Wind Turbine5Wind
    • Energy Converter6Converter
    Order
    1. Aircraft PlantEat Aircraft Plant
    2. Aircraft PlantAircraft Plant after 19 wind, 18 wind, 7 converterin 58% of games
    Builders
    • Construction Turret3 Con turret
    Army
    • Valiant9 Valiant

    Some games also: shuriken (47%) · fusion (38%) · con aircraft (34%) · light transport (31%)

    By 10:00 in all: 3 mex · 1 mex · 25 wind · 20 wind · 8 converter · 1 energy storage

    The example game in this phase · 126 steps
    1. ValiantValiant
    2. Con turret
    3. Converter
    4. ValiantValiant
    5. Converter
    6. Wind
    7. Converter
    8. Wind
    9. Converter
    10. Wind
    11. ValiantValiant
    12. Converter
    13. Wind
    14. Converter
    15. Wind
    16. Converter
    17. ValiantValiant
    18. Wind
    19. Wind
    20. ValiantValiant
    21. Wind
    22. ValiantValiant
    23. Wind ×3
    24. ValiantValiant
    25. Wind
    26. Advanced Metal ExtractorT2 mexdone 7:45 · typical 6:54
    27. Wind
    28. ValiantValiant
    29. FinchFinch
    30. Wind ×2
    31. FinchFinch
    32. Advanced Metal ExtractorT2 mex
    33. Wind
    34. FinchFinch
    35. Wind
    36. FinchFinch ×2
    37. Wind
    38. FinchFinch ×2
    39. Wind
    40. FinchFinch ×3
    41. Con turret
    42. ValiantValiant ×2
    43. Advanced Metal ExtractorT2 mex
    44. ValiantValiant ×3
    45. Con turret
    46. ValiantValiant ×2
    47. Wind
    48. ValiantValiant
    49. Advanced Metal ExtractorT2 mex
    50. Wind
    51. ValiantValiant
    52. Wind
    53. ValiantValiant
    54. Wind ×2
    55. ValiantValiant
    56. Wind
    57. ValiantValiant ×2
    58. Wind ×2
    59. ValiantValiant
    60. Wind ×2
    61. ValiantValiant
    62. Wind ×2
    63. ValiantValiant ×2
    64. Fusion ReactorFusiondone 12:57 · typical 10:52
    65. ValiantValiant
    66. Con turret
    67. ValiantValiant ×2
    68. Wind ×2
    69. ValiantValiant
    70. Wind ×2
    71. ValiantValiant
    72. Wind ×2
    73. ValiantValiant
    74. Wind ×2
    75. ValiantValiant
    76. Wind
    77. Construction AircraftCon aircraft
    78. Wind ×4
    79. Construction AircraftCon aircraft
    80. Wind ×2
    81. Construction AircraftCon aircraft ×2
    82. Con turret
    83. Construction AircraftCon aircraft ×2
    84. Con turret
    85. Fusion ReactorFusion
    86. ValiantValiant
    87. Con turret
    88. Converter
    89. Con turret
    90. Converter ×2
    91. Con turret
    92. Converter ×2
    93. ValiantValiant
    94. Converter
    95. Wind
    96. Converter ×3
    97. Wind
    98. ValiantValiant
    99. Converter
    100. Wind
    101. ValiantValiant
    102. Converter
    103. Wind
    104. ValiantValiant
    105. Wind
    106. ValiantValiant
    107. Converter
    108. ValiantValiant
    109. Wind
    110. ValiantValiant
    111. Converter
    112. ValiantValiant
    113. TracerTracer
    114. ValiantValiant ×2
    115. Wind
    116. ValiantValiant
    117. Converter
    118. Wind
    119. ValiantValiant
    120. Wind ×2
    121. ValiantValiant
    122. Wind ×2
    123. Converter
    124. ValiantValiant
    125. Wind
    126. ValiantValiant

Counts are medians over the build's games: half of them build more, half fewer. The example game is Hunfore's (32 OS, 14/10/2026); pick another.

Team trades

IN AT LEAST 30% OF ITS GAMES

You hand over

  • Finch2 Finch to Geo sea or Beach seafirst at 1:50 · in 96% of games
  • Hercules3 Light transport to Tech or Geo sea or Beach seafirst at 2:06 · in 99% of games
  • Hephaestus1 Heavy transport to Beach sea or Pond or Techfirst at 2:23 · in 71% of games

You get

  • Wind Turbine3 Wind from Beach sea or Geo seafirst at 1:37 · in 64% of games
  • Wind Turbine3 Wind from Beach sea or Geo sea or Pondfirst at 1:42 · in 46% of games
  • Construction Bot1 Con bot from Techfirst at 2:23 · in 88% of games
  • Advanced Construction Bot1 T2 con bot from Techfirst at 6:05 · in 96% of games

How it plays out

Typical game of this build, running totals by minute

Metal produced

010k20k30k
0:005:0010:0015:00

metal

Enemy metal destroyed

01k2k
0:005:0010:0015:00

metal

Own metal lost

01k2k3k
0:005:0010:0015:00

metal

1818 games.

Show as table
ByMetal produced: This buildEnemy metal destroyed: This buildOwn metal lost: This build
1:0039200
2:0092300
3:00145600
4:002052051
5:0027635173
6:003709102124
7:005089146167
8:006903190219
9:009285230270
10:0011765292380
11:0014373367535
12:0017074512780
13:00198647751095
14:002271012621682
15:002573918062407
WHAT THE NUMBERS SAY

Standard air play wins less than half its games, with very low combat losses and kills since the role mostly supports rather than fights.

  • + Own metal lost stays very low, only 2701 by 15:00.
  • + Metal production reaches 25740 by 15:00, a strong support economy.
  • − Team wins under half of games (47%).
  • − Enemy metal destroyed stays low at 2097 by 15:00, showing little direct impact.
THE EXAMPLE YOU ARE READING

Hunfore

32.4 OS · 14/10/2026

Open source match ↗

27 received units · includes a constructor
109 metal received · 20645 energy received

Allied construction assistance is unknown. Timings are observations, not a promise of solo reproducibility.

Typical milestones

Aircraft Plant1:26Middle 50%: 1:14–1:35 · n=1818
Advanced Metal Extractor6:54Middle 50%: 6:27–7:26 · n=1758
Fusion Reactor10:52Middle 50%: 9:45–12:16 · n=1165

Played most by

TheGeneraI114games of this buildDad_The_Speedrunner72games of this buildHunfore62games of this buildDRM52games of this buildMilkdragon52games of this build